AoeStats
← VampishSaucer

MegaRandom

509472719Analyzed
2v2 RM · 5d ago on Sep 26, 2026· 53m 13s· 4 players
Game mode
Random Map
Map size
Medium (4 player)
Population
200
Speed
Normal
Resources
Standard
Victory
Conquest
Starting age
Dark Age
Ending age
Imperial Age
RankedLock teamsTeams togetherTeam positionsShared explorationLock speedFull tech treeHidden civsTurbo modeCheats
Victory
Defeat
🇺🇸 Japanese · United States
1012
+15
🇺🇸 Georgians · United States
1010
+15
🇦🇷 Franks · Argentina
996
-16
🇲🇽 Mapuche · Mexico
974
-14
cone123
11:58 Feudal Age
13:22 Champi Runner
17:24 Loom
21:15 Castle Age
26:45 Double-Bit Axe
31:37 Horse Collar
36:59 Champi Warrior
39:15 Pikeman
40:45 Wheelbarrow
46:42 Imperial Age
44:17 Heavy Plow
48:08 Elite Bolas Rider
48:57 Halberdier
49:52 Bow Saw
[ESTG] Daupoch
11:34 Loom
13:19 Feudal Age
14:10 Man-at-Arms
14:37 Arson
15:04 Double-Bit Axe
18:32 Scale Mail Armor
21:21 Town Watch
27:16 Castle Age
25:32 Forging
28:27 Chain Mail Armor
28:02 Double-Bit Axe
29:18 Iron Casting
29:55 Wheelbarrow
28:53 Long Swordsman
29:25 Gambesons
31:21 Hand Cart
31:49 Town Watch
33:07 Fletching
33:33 Elite Skirmisher
34:12 Bodkin Arrow
34:28 Padded Archer Armor
37:08 Ballistics
36:44 Murder Holes
39:18 Leather Archer Armor
40:01 Ordonnance Companies
41:39 Scale Barding Armor
42:54 Husbandry
43:08 Masonry
42:38 Treadmill Crane
43:54 Town Patrol
44:22 Gold Mining
48:47 Imperial Age
47:52 Pikeman
48:32 Squires
48:55 Chain Barding Armor
49:33 Bow Saw
49:57 Conscription
50:07 Two-Handed Swordsman
52:42 Plate Barding Armor
53:08 Blast Furnace
VampishSaucer
7:53 Loom
11:47 Feudal Age
12:31 Double-Bit Axe
12:20 Man-at-Arms
12:48 Arson
19:29 Castle Age
18:38 Scale Mail Armor
19:12 Fletching
21:36 Padded Archer Armor
21:47 Forging
23:08 Horse Collar
25:29 Gold Mining
26:29 Squires
27:26 Stone Mining
29:47 Chain Mail Armor
32:58 Leather Archer Armor
34:04 Bodkin Arrow
35:58 Iron Casting
42:05 Bloodlines
47:42 Imperial Age
47:28 Bow Saw
48:59 Plate Mail Armor
48:03 Capped Ram
50:52 Heavy Cavalry Archer
53:26 Thumb Ring
BananaWednesday
7:59 Loom
9:46 Feudal Age
10:49 Double-Bit Axe
11:45 Horse Collar
17:25 Gold Mining
19:39 Castle Age
19:23 Scale Barding Armor
19:28 Forging
20:17 Bloodlines
36:17 Husbandry
37:46 Chain Barding Armor
38:02 Iron Casting
37:18 Fletching
38:52 Wheelbarrow
38:02 Town Watch
39:38 Fervor
39:49 Sanctity
39:46 Svan Towers
40:46 Bodkin Arrow
42:30 Hand Cart
46:50 Imperial Age
44:55 Town Patrol
45:49 Heavy Plow
46:59 Capped Ram
47:51 Redemption
47:53 Aznauri Cavalry
48:09 Conscription
49:00 Plate Barding Armor
49:26 Blast Furnace
49:05 Siege Ram
51:11 Bracer
52:25 Elite Monaspa
Connection lost

Rejoining the realm…

Still unreachable

The connection could not be restored.

Session expired

The server has moved on; the page needs a fresh start.